PBL
MADISON BREWERS @ COLORADO AVALANCHE
07/06/2044
 
TOP OF THE 1ST
Madison Brewers batting - Pitching for Colorado Avalanche : RHP Dan Hoffman
Pitching: RHP Dan Hoffman
Batting: RHB Victor Alarcon 0-0: Ball
1-0: Ball
2-0: Called Strike
2-1: DOUBLE (Groundball, 5L, EV 105.0 MPH)
Batting: RHB Chris Fruit 0-0: Called Strike
0-1: Called Strike
0-2: Ball
1-2: 2-RUN HOME RUN (Flyball, 9D, EV 100.6 MPH), Distance : 395 ft
Batting: SHB Aaron Neill 0-0: Swinging Strike
0-1: Ball
1-1: Ball
2-1: Swinging Strike
2-2: Ground out 4-3 (Groundball, 4, EV 81.3 MPH)
Batting: LHB Steven Donovan 0-0: Foul Ball, location: 2F
0-1: Ball
1-1: Ball
2-1: Fly out, F5 (Popup, 25F, EV 80.0 MPH)
Batting: RHB Drew Forbess 0-0: Ground out 5-3 (Groundball, 56, EV 78.8 MPH)
Top of the 1st over - 2 runs, 2 hits, 0 errors, 0 left on base; Madison 2 - Colorado 0
BOTTOM OF THE 1ST
Colorado Avalanche batting - Pitching for Madison Brewers : RHP Tom Wendel
Pitching: RHP Tom Wendel
Batting: LHB Georges Lambert 0-0: Swinging Strike
0-1: Ball
1-1: Ground out 6-3 (Groundball, 56, EV 103.8 MPH)
Batting: RHB John Corfield 0-0: Ball
1-0: Ball
2-0: Called Strike
2-1: Fly out, F7 (Flyball, 78S, EV 92.5 MPH)
Batting: SHB Brad Madden 0-0: Swinging Strike
0-1: Called Strike
0-2: Ball
1-2: Ball
2-2: Strikes out swinging
Bottom of the 1st over - 0 runs, 0 hits, 0 errors, 0 left on base; Madison 2 - Colorado 0
TOP OF THE 2ND
Madison Brewers batting - Pitching for Colorado Avalanche : RHP Dan Hoffman
Batting: SHB Ramon Perez 0-0: Ball
1-0: Foul Ball, location: 2F
1-1: Fly out, F7 (Flyball, 7, EV 88.8 MPH)
Batting: RHB Herb McIntyre 0-0: Called Strike
0-1: Ball
1-1: Ball
2-1: Ground out 6-3 (Groundball, 6, EV 106.3 MPH)
Batting: RHB Jesus Menjivar 0-0: Ball
1-0: Called Strike
1-1: Called Strike
1-2: Ground out 5-3 (Groundball, 56, EV 82.5 MPH)
Top of the 2nd over - 0 runs, 0 hits, 0 errors, 0 left on base; Madison 2 - Colorado 0
BOTTOM OF THE 2ND
Colorado Avalanche batting - Pitching for Madison Brewers : RHP Tom Wendel
Batting: SHB Justin Jackson 0-0: Ball
1-0: Ball
2-0: Ball
3-0: Called Strike
3-1: Ground out 3-1 (Groundball, 34, EV 107.5 MPH)
Batting: LHB Paul McClintock 0-0: Swinging Strike
0-1: Ball
1-1: SINGLE (Line Drive, 6MD, EV 96.3 MPH)
Batting: RHB Matviy Oliynyk 0-0: Ball
1-0: Grounds into double play, 3-6-3 (Groundball, 34S, EV 76.9 MPH)
Bottom of the 2nd over - 0 runs, 1 hit, 0 errors, 0 left on base; Madison 2 - Colorado 0
TOP OF THE 3RD
Madison Brewers batting - Pitching for Colorado Avalanche : RHP Dan Hoffman
Batting: RHB Justin Marino 0-0: Called Strike
0-1: Called Strike
0-2: Ball
1-2: Ground out 4-3 (Groundball, 4M, EV 88.1 MPH)
Batting: RHB Victor Alarcon 0-0: Ball
1-0: Swinging Strike
1-1: Ball
2-1: Ball
3-1: Fly out, F9 (Flyball, 9LD, EV 105.6 MPH)
Batting: RHB Chris Fruit 0-0: Ball
1-0: Fly out, F6 (Popup, P, EV 83.8 MPH)
Top of the 3rd over - 0 runs, 0 hits, 0 errors, 0 left on base; Madison 2 - Colorado 0
BOTTOM OF THE 3RD
Colorado Avalanche batting - Pitching for Madison Brewers : RHP Tom Wendel
Batting: RHB Kevin McKasson 0-0: Foul Ball, location: 2F
0-1: Ball
1-1: Foul Ball, location: 2F
1-2: Ball
2-2: SINGLE (Line Drive, 56, EV 95.0 MPH)
Batting: RHB Bob Hayes 0-0: Fly out, F3 (Popup, 3F, EV 59.4 MPH)
Batting: SHB Craig Ruzic 0-0: SINGLE (Groundball, 4MD, EV 101.3 MPH)
Kevin McKasson to second
Batting: LHB Georges Lambert 0-0: Ball
1-0: Ball
2-0: Ball
3-0: Called Strike
3-1: Fielders Choice at 2nd, 5-4 (Groundball, 56S, EV 78.8 MPH)
Kevin McKasson to third
Batting: RHB John Corfield 0-0: Called Strike
0-1: Ball
1-1: Fielders Choice at 2nd, 5-4 (Groundball, 56, EV 88.1 MPH)
Bottom of the 3rd over - 0 runs, 2 hits, 0 errors, 2 left on base; Madison 2 - Colorado 0
TOP OF THE 4TH
Madison Brewers batting - Pitching for Colorado Avalanche : RHP Dan Hoffman
Batting: SHB Aaron Neill 0-0: Swinging Strike
0-1: Ball
1-1: Foul Ball, location: 2F
1-2: SINGLE (Line Drive, 56D, EV 103.8 MPH)
Batting: LHB Steven Donovan 0-0: Ball
1-0: 2-RUN HOME RUN (Flyball, 9LD, EV 95.0 MPH), Distance : 356 ft
Batting: RHB Drew Forbess 0-0: Ball
1-0: Foul Ball, location: 2F
1-1: Ball
2-1: Foul Ball, location: 2F
2-2: Fly out, F9 (Line Drive, 9, EV 90.6 MPH)
Batting: SHB Ramon Perez 0-0: Ball
1-0: Swinging Strike
1-1: Called Strike
1-2: Ball
2-2: Fly out, F7 (Flyball, 78D, EV 91.9 MPH)
Batting: RHB Herb McIntyre 0-0: Ball
1-0: Ball
2-0: Ball
3-0: Base on Balls
Batting: RHB Jesus Menjivar 0-0: SINGLE (Line Drive, 89S, EV 96.9 MPH)
Herb McIntyre to second
Pitching: RHP Maurice Moore
Batting: RHB Justin Marino 0-0: Ball
1-0: Called Strike
1-1: Ball
2-1: Ball
3-1: Foul Ball, location: 2F
Balk!
Herb McIntyre to third
Jesus Menjivar to second
3-2: Ground out 1-3 (Groundball, 13S, EV 63.8 MPH)
Top of the 4th over - 2 runs, 3 hits, 0 errors, 2 left on base; Madison 4 - Colorado 0
BOTTOM OF THE 4TH
Colorado Avalanche batting - Pitching for Madison Brewers : RHP Tom Wendel
Batting: SHB Brad Madden 0-0: Ball
1-0: Ball
2-0: Ball
3-0: Called Strike
3-1: Base on Balls
Batting: SHB Justin Jackson 0-0: Foul Ball, location: 2F
0-1: Called Strike
0-2: Strikes out swinging
Batting: LHB Paul McClintock 0-0: Called Strike
0-1: Ball
1-1: Ball
2-1: Called Strike
2-2: Ball
3-2: Strikes out looking
Batting: RHB Matviy Oliynyk 0-0: Ball
1-0: Ball
2-0: Ball
3-0: Base on Balls
Brad Madden to second
Batting: RHB Kevin McKasson 0-0: Ball
1-0: Foul Ball, location: 2F
1-1: Swinging Strike
1-2: DOUBLE (Flyball, 7D, EV 90.0 MPH)
Brad Madden scores
Matviy Oliynyk to third
Batting: RHB Bob Hayes 0-0: Called Strike
0-1: Called Strike
0-2: Ball
1-2: Strikes out swinging
Bottom of the 4th over - 1 run, 1 hit, 0 errors, 2 left on base; Madison 4 - Colorado 1
TOP OF THE 5TH
Madison Brewers batting - Pitching for Colorado Avalanche : RHP Maurice Moore
Pinch Hitting: RHB Steve Byerly 0-0: Ball
1-0: Ball
2-0: Foul Ball, location: 2F
2-1: Hit by Pitch
Batting: RHB Chris Fruit 0-0: Called Strike
0-1: Ball
1-1: Foul Ball, location: 2F
1-2: Ball
2-2: SINGLE (Groundball, 34D, EV 94.4 MPH)
Steve Byerly to second
Runner from 2nd tries for 3rd, SAFE, no throw by RF
Batting: SHB Aaron Neill 0-0: Ball
1-0: Ball
2-0: Called Strike
2-1: Fly out, F8 (Flyball, 78D, EV 88.1 MPH)
Runner from 3rd tags up, SCORES, throw by CF
Batting: LHB Steven Donovan 0-0: Ball
1-0: Foul Ball, location: 2F
1-1: Ball
2-1: Called Strike
Chris Fruit steals 2nd base
2-2: Foul Ball, location: 2F
2-2: Foul Ball, location: 2F
2-2: Ball
3-2: Base on Balls
Batting: RHB Drew Forbess 0-0: Ball
1-0: Foul Ball, location: 2F
1-1: Foul Ball, location: 2F
1-2: Ball
2-2: Ball
3-2: Foul Ball, location: 2F
3-2: Fly out, F8 (Flyball, 8LD, EV 84.4 MPH)
Batting: SHB Ramon Perez 0-0: Ball
1-0: Ball
2-0: Ball
3-0: Called Strike
3-1: Fly out, F9 (Flyball, 9, EV 88.8 MPH)
Top of the 5th over - 1 run, 1 hit, 0 errors, 2 left on base; Madison 5 - Colorado 1
BOTTOM OF THE 5TH
Colorado Avalanche batting - Pitching for Madison Brewers : RHP Tom Wendel
Now in RF: Cameron Rattenbury
Batting: SHB Craig Ruzic 0-0: Foul Ball, location: 2F
0-1: Called Strike
0-2: Ground out 6-3 (Groundball, 6, EV 109.4 MPH)
Batting: LHB Georges Lambert 0-0: Ball
1-0: Foul Ball, location: 2F
1-1: Ground out U3 (Groundball, 3L, EV 83.8 MPH)
Batting: RHB John Corfield 0-0: Ball
1-0: Swinging Strike
1-1: Foul Ball, location: 2F
1-2: Ball
2-2: Foul Ball, location: 2F
2-2: Strikes out looking
Bottom of the 5th over - 0 runs, 0 hits, 0 errors, 0 left on base; Madison 5 - Colorado 1
TOP OF THE 6TH
Madison Brewers batting - Pitching for Colorado Avalanche : RHP Maurice Moore
Batting: RHB Herb McIntyre 0-0: Called Strike
0-1: Ground out 4-3 (Groundball, 4M, EV 84.4 MPH)
Pinch Hitting: SHB Jerry Duffy 0-0: Ball
1-0: Called Strike
1-1: Foul Ball, location: 2F
1-2: Ball
2-2: Ball
3-2: Foul Ball, location: 2F
3-2: Foul Ball, location: 2F
3-2: Fly out, F7 (Flyball, 7D, EV 92.5 MPH)
Batting: RHB Justin Marino 0-0: Called Strike
0-1: Called Strike
0-2: SINGLE (Flyball, 8LS, EV 93.1 MPH)
Batting: RHB Cameron Rattenbury 0-0: Ball
1-0: Foul Ball, location: 2F
1-1: Ground out 5-3 (Groundball, 56S, EV 66.3 MPH)
Top of the 6th over - 0 runs, 1 hit, 0 errors, 1 left on base; Madison 5 - Colorado 1
BOTTOM OF THE 6TH
Colorado Avalanche batting - Pitching for Madison Brewers : RHP Tom Wendel
Now in CF: Alfredo Sena
Batting: SHB Brad Madden 0-0: Ball
1-0: Ground out 4-3 (Groundball, 4, EV 76.9 MPH)
Batting: SHB Justin Jackson 0-0: Called Strike
0-1: Ball
1-1: Ball
2-1: Foul Ball, location: 2F
2-2: Fly out, F8 (Flyball, 8LS, EV 90.6 MPH)
Batting: LHB Paul McClintock 0-0: Called Strike
0-1: Ball
1-1: SOLO HOME RUN (Flyball, 89XD, EV 115.6 MPH), Distance : 441 ft
Batting: RHB Matviy Oliynyk 0-0: Ball
1-0: Ball
2-0: Ball
3-0: Called Strike
3-1: Ground out 1-3 (Groundball, P, EV 67.5 MPH)
Bottom of the 6th over - 1 run, 1 hit, 0 errors, 0 left on base; Madison 5 - Colorado 2
TOP OF THE 7TH
Madison Brewers batting - Pitching for Colorado Avalanche : RHP Maurice Moore
Batting: RHB Chris Fruit 0-0: Called Strike
0-1: Swinging Strike
0-2: Ball
1-2: Ball
2-2: DOUBLE (Line Drive, 89XD, EV 110.6 MPH)
Batting: SHB Aaron Neill 0-0: Called Strike
0-1: Hit by Pitch
Pitching: RHP Carlos de Jesus
Batting: LHB Steven Donovan 0-0: Ball
1-0: Foul Ball, location: 2F
1-1: Foul Ball, location: 2F
1-2: DOUBLE (Groundball, 3L, EV 103.8 MPH)
Chris Fruit scores
Aaron Neill to third
Batting: RHB Drew Forbess 0-0: Called Strike
0-1: Ball
1-1: Ball
2-1: Swinging Strike
2-2: Foul Ball, location: 2F
2-2: SINGLE (Flyball, 9S, EV 86.3 MPH)
Aaron Neill scores
Steven Donovan to third
Runner from 3rd tries for Home, SAFE, throw by RF to home
Drew Forbess to second
Batting: SHB Ramon Perez 0-0: Foul Ball, location: 2F
0-1: Ball
Wild Pitch!
Drew Forbess to third
1-1: SINGLE (Groundball, 4D, EV 101.3 MPH)
Drew Forbess scores
Pinch Hitting: SHB Sam Bingham 0-0: Ball
1-0: Swinging Strike
1-1: Called Strike
1-2: Foul Ball, location: 2F
1-2: Fly out, F8 (Flyball, 78D, EV 109.4 MPH)
Batting: RHB Alfredo Sena 0-0: Ball
1-0: Called Strike
1-1: Ball
2-1: Fielders Choice at 2nd, 3-6 (Groundball, 34S, EV 91.3 MPH)
Pinch Hitting: LHB Sal Burgos 0-0: Ball
1-0: Ball
2-0: Ball
3-0: Base on Balls
Alfredo Sena to second
Batting: RHB Cameron Rattenbury 0-0: Swinging Strike
0-1: DOUBLE (Line Drive, 89D, EV 106.9 MPH)
Alfredo Sena scores
Sal Burgos to third
Batting: RHB Chris Fruit 0-0: Called Strike
0-1: Ball
1-1: Swinging Strike
1-2: Ball
2-2: Foul Ball, location: 2F
2-2: Foul Ball, location: 2F
2-2: Ball
3-2: Ground out 1-3 (Groundball, P, EV 71.9 MPH)
Top of the 7th over - 5 runs, 5 hits, 0 errors, 2 left on base; Madison 10 - Colorado 2
BOTTOM OF THE 7TH
Colorado Avalanche batting - Pitching for Madison Brewers : RHP Tom Wendel
Pitching: LHP Tim Phillips
Now at 2B: C.J. Olivares
Now at SS: Sam Bingham
Batting: RHB Kevin McKasson 0-0: Ball
1-0: Foul Ball, location: 2F
1-1: Ball
2-1: Foul Ball, location: 2F
2-2: Foul Ball, location: 2F
2-2: SINGLE (Line Drive, 7LS, EV 99.4 MPH)
Batting: RHB Bob Hayes Pickoff Throw to First - Out! 1-3
0-0: Ball
1-0: Ball
2-0: Called Strike
2-1: Ball
3-1: Base on Balls
Batting: SHB Craig Ruzic 0-0: Ball
Pickoff Throw to First - Error! E1
Bob Hayes to second
1-0: Ground out 6-3 (Groundball, 56, EV 99.4 MPH)
Pinch Hitting: RHB Josh Lofgreen 0-0: Ball
1-0: Ball
2-0: Called Strike
2-1: Ball
3-1: Base on Balls
Pinch Hitting: RHB Justin Garrett 0-0: Called Strike
0-1: Called Strike
0-2: Strikes out swinging
Bottom of the 7th over - 0 runs, 1 hit, 1 error, 2 left on base; Madison 10 - Colorado 2
TOP OF THE 8TH
Madison Brewers batting - Pitching for Colorado Avalanche : RHP Carlos de Jesus
Now at 1B: Josh Lofgreen
Now in RF: Daniel Green
Batting: SHB Aaron Neill 0-0: Ball
1-0: Ball
2-0: Ball
3-0: Base on Balls
Batting: LHB Steven Donovan 0-0: Ball
1-0: Ball
2-0: Foul Ball, location: 2F
2-1: Foul Ball, location: 2F
2-2: SINGLE (Line Drive, 9, EV 91.9 MPH)
Aaron Neill to second
Pinch Hitting: RHB Todd Massad 0-0: Ball
1-0: Called Strike
1-1: Fielders Choice at 2nd, 3-6 (Groundball, 3S, EV 84.4 MPH)
Aaron Neill to third
Batting: SHB Ramon Perez 0-0: Ball
1-0: Ball
2-0: Ball
3-0: Base on Balls
Todd Massad to second
Batting: SHB Sam Bingham 0-0: Ball
1-0: Ball
2-0: Called Strike
2-1: Foul Ball, location: 2F
2-2: Ball
3-2: Base on Balls
Aaron Neill scores
Todd Massad to third
Ramon Perez to second
Batting: RHB Alfredo Sena 0-0: Ball
1-0: SINGLE (Groundball, 56D, EV 102.5 MPH)
Todd Massad scores
Ramon Perez to third
Sam Bingham to second
Runner from 3rd tries for Home, SAFE, throw by LF to home
Pitching: RHP Chris Kinder
Batting: SHB C.J. Olivares 0-0: Grounds into double play, 3-6-3 (Groundball, 34, EV 102.5 MPH)
Top of the 8th over - 3 runs, 2 hits, 0 errors, 1 left on base; Madison 13 - Colorado 2
BOTTOM OF THE 8TH
Colorado Avalanche batting - Pitching for Madison Brewers : LHP Tim Phillips
Now at 1B: Danny Bautista
Batting: SHB Brad Madden 0-0: Called Strike
0-1: Reached on error, E4 (Flyball, 34D, EV 86.3 MPH)
Batting: SHB Justin Jackson 0-0: Called Strike
0-1: Foul Ball, location: 2F
0-2: Ball
1-2: Ball
2-2: Fly out, F8 (Flyball, 8RS, EV 91.3 MPH)
Pinch Hitting: RHB Ray Insley 0-0: Ball
1-0: Foul Ball, location: 2F
1-1: Ball
2-1: Foul Ball, location: 2F
2-2: Fly out, F4 (Flyball, 34D, EV 85.0 MPH)
Batting: RHB Matviy Oliynyk 0-0: Called Strike
0-1: Ball
1-1: Ball
2-1: Ball
3-1: Fly out, F1 (Line Drive, P, EV 66.9 MPH)
Bottom of the 8th over - 0 runs, 0 hits, 1 error, 1 left on base; Madison 13 - Colorado 2
TOP OF THE 9TH
Madison Brewers batting - Pitching for Colorado Avalanche : RHP Chris Kinder
Now in CF: Clayton Saunders
Batting: RHB Cameron Rattenbury 0-0: Ball
1-0: Called Strike
1-1: Foul Ball, location: 2F
1-2: Foul Ball, location: 2F
1-2: Fly out, F8 (Flyball, 78M, EV 82.5 MPH)
Pinch Hitting: RHB Michael Dickerson 0-0: Ball
1-0: Called Strike
1-1: Ball
2-1: Ground out 6-3 (Groundball, 6S, EV 78.8 MPH)
Batting: SHB Aaron Neill 0-0: Fly out, F3 (Line Drive, 3, EV 75.0 MPH)
Top of the 9th over - 0 runs, 0 hits, 0 errors, 0 left on base; Madison 13 - Colorado 2
BOTTOM OF THE 9TH
Colorado Avalanche batting - Pitching for Madison Brewers : LHP Tim Phillips
Now at C: Michael Dickerson
Batting: RHB Kevin McKasson 0-0: Ball
1-0: Ball
2-0: Ball
3-0: Base on Balls
Pitching: RHP Omar Morales
Batting: RHB Bob Hayes 0-0: Ball
1-0: Swinging Strike
1-1: Ball
2-1: Swinging Strike
2-2: Foul Ball, location: 2F
2-2: Ball
3-2: Foul Ball, location: 2F
3-2: Strikes out swinging
Batting: SHB Craig Ruzic 0-0: Called Strike
0-1: Ball
1-1: Swinging Strike
1-2: Ball
2-2: Strikes out swinging
Batting: RHB Josh Lofgreen 0-0: Ball
1-0: Called Strike
1-1: SINGLE (Groundball, 6D, EV 96.9 MPH)
Kevin McKasson to second
Batting: LHB Daniel Green 0-0: Ball
1-0: Foul Ball, location: 2F
1-1: Fielders Choice at 2nd, 5-4 (Groundball, 56, EV 101.3 MPH)
Bottom of the 9th over - 0 runs, 1 hit, 0 errors, 2 left on base; Madison 13 - Colorado 2
Thursday, March 31st , 2022 - OOTP Baseball 22.12 Build 89